AoeStats
← CFn-Ez

Black Forest

507903870Analyzed
4v4 RM · 12d ago on Sep 20, 2026· 88m 26s· 8 players
Game mode
Random Map
Map size
Large (8 player)
Population
200
Speed
Normal
Resources
Standard
Victory
Conquest
Starting age
Dark Age
Ending age
Imperial Age
RankedLock teamsTeams togetherTeam positionsShared explorationLock speedFull tech treeHidden civsTurbo modeCheats
Victory
Defeat
🇲🇽 Ethiopians · Mexico
1568
+13
🇪🇸 Hindustanis · Spain
1514
+16
🇺🇸 Teutons · United States
1426
+19
🇺🇸 Mongols · United States
1413
+20
🇪🇨 Lithuanians · Ecuador
1604
-21
🇭🇰 Italians · Hong Kong SAR China
1519
-18
🇭🇰 Celts · Hong Kong SAR China
1488
-16
🇨🇳 Turks · China
1408
-16
Isengard
8:40 Loom
10:53 Feudal Age
15:41 Castle Age
15:02 Forging
14:55 Double-Bit Axe
20:28 Husbandry
20:12 Horse Collar
22:16 Bloodlines
23:13 Bow Saw
23:04 Heavy Plow
24:39 Wheelbarrow
26:35 Stone Mining
26:35 Gold Mining
28:41 Town Watch
30:21 Scale Barding Armor
33:25 Chain Barding Armor
33:40 Iron Casting
39:15 Fletching
39:25 Padded Archer Armor
40:57 Masonry
41:08 Ballistics
40:45 Bodkin Arrow
41:05 Leather Archer Armor
41:11 Hand Cart
45:34 Imperial Age
45:09 Thumb Ring
45:39 Elite Mangudai
46:40 Conscription
47:02 Hoardings
46:29 Bracer
46:56 Parthian Tactics
45:52 Heavy Cavalry Archer
47:36 Chemistry
49:30 Caravan
59:04 Light Cavalry
60:47 Blast Furnace
60:56 Hussar
65:33 Capped Ram
67:15 Siege Ram
68:18 Drill
68:08 Siege Engineers
[DH]Howl Jenkins
6:56 Loom
9:07 Feudal Age
9:53 Double-Bit Axe
15:58 Wheelbarrow
18:51 Fishing Lines
21:42 Castle Age
19:56 Gold Mining
20:18 Stone Mining
22:31 Fletching
24:09 Gillnets
25:29 Horse Collar
25:31 Crossbowman
31:12 Imperial Age
29:18 Bow Saw
29:38 Bodkin Arrow
29:44 Heavy Plow
30:38 Ballistics
32:57 Chemistry
32:36 Thumb Ring
33:06 Torsion Engines
33:45 Bracer
33:33 Arbalester
34:23 Town Watch
35:02 Padded Archer Armor
35:44 Siege Engineers
37:15 Leather Archer Armor
40:52 Two-Man Saw
41:53 Gold Shaft Mining
43:05 Caravan
47:12 Hand Cart
51:26 Elite Skirmisher
58:39 Ring Archer Armor
79:45 Masonry
81:39 Scale Mail Armor
81:50 Forging
81:42 Squires
81:27 Arson
83:33 Chain Mail Armor
83:53 Iron Casting
85:55 Plate Mail Armor
85:58 Conscription
85:40 Royal Heirs
GutFeeling
7:05 Loom
12:08 Feudal Age
15:57 Castle Age
15:00 Double-Bit Axe
15:48 Horse Collar
15:56 Fishing Lines
17:18 Bow Saw
18:10 Heavy Plow
19:44 Gillnets
21:42 Wheelbarrow
22:07 Gold Mining
22:12 Stone Mining
23:47 Hand Cart
27:27 Imperial Age
25:06 Scale Mail Armor
25:42 Forging
25:56 Pikeman
27:18 Squires
27:04 Arson
27:37 Chain Mail Armor
27:39 Gambesons
28:31 Iron Casting
27:29 Onager
29:29 Chemistry
28:32 Halberdier
30:59 Plate Mail Armor
32:42 Blast Furnace
33:34 Conscription
35:33 Siege Engineers
36:37 Ironclad
38:01 Crop Rotation
38:09 Caravan
41:26 Siege Onager
46:38 Guilds
46:59 Coinage
57:49 Banking
59:20 Fletching
59:52 Ballistics
62:12 Bodkin Arrow
63:42 Capped Ram
74:27 Bombard Tower
74:19 Town Watch
77:30 Crenellations
84:13 Guard Tower
84:34 Masonry
jwinnfield.trash
11:23 Feudal Age
14:58 Castle Age
12:54 Double-Bit Axe
16:02 Bow Saw
17:51 Horse Collar
19:41 Wheelbarrow
18:53 Fishing Lines
21:47 Hand Cart
22:22 Gillnets
23:06 Gold Mining
27:54 Imperial Age
25:57 Scale Barding Armor
25:38 Loom
27:10 Chain Barding Armor
28:11 Forging
29:01 Conscription
28:04 Heavy Camel Rider
28:55 Bloodlines
28:46 Husbandry
29:37 Plate Barding Armor
29:51 Iron Casting
31:56 Chemistry
31:07 Padded Archer Armor
31:47 Imperial Camel Rider
33:33 Blast Furnace
33:24 Shatagni
34:47 Siege Elephant
36:19 Leather Archer Armor
37:53 Gold Shaft Mining
37:49 Siege Engineers
38:05 Ballistics
38:38 Coinage
40:16 Ring Archer Armor
41:58 Caravan
42:21 Elite Skirmisher
43:33 Masonry
43:48 Thumb Ring
48:33 Hoardings
47:55 Fletching
48:34 Bodkin Arrow
54:39 Light Cavalry
56:32 Hussar
57:58 Heavy Plow
58:59 Scale Mail Armor
61:13 Chain Mail Armor
62:58 Bracer
bryjet06
11:44 Feudal Age
16:25 Castle Age
14:59 Double-Bit Axe
17:49 Bow Saw
17:44 Horse Collar
21:16 Fishing Lines
22:40 Bloodlines
24:22 Wheelbarrow
26:19 Gillnets
30:27 Imperial Age
28:08 Stone Mining
28:09 Gold Mining
29:02 Scale Barding Armor
29:08 Forging
29:41 Stone Shaft Mining
30:49 Chain Barding Armor
30:40 Elite Leitis
32:17 Plate Barding Armor
32:18 Iron Casting
32:53 Chemistry
33:53 Conscription
37:21 Padded Archer Armor
41:21 Leather Archer Armor
44:20 Light Cavalry
45:18 Caravan
47:40 Guard Tower
47:22 Winged Hussar
53:00 Hoardings
53:09 Ring Archer Armor
52:24 Elite Skirmisher
54:04 Fletching
54:22 Hill Forts
56:59 Bodkin Arrow
60:43 Ballistics
60:37 Cavalier
62:12 Paladin
63:48 Bracer
80:24 Husbandry
dennis2_02
0:47 Loom
11:13 Feudal Age
13:34 Double-Bit Axe
20:30 Castle Age
18:40 Horse Collar
18:55 Gold Mining
23:35 Bow Saw
24:48 Stone Mining
29:22 Wheelbarrow
29:48 Heavy Plow
34:11 Imperial Age
32:50 Hand Cart
32:44 Fletching
32:54 Padded Archer Armor
34:16 Ballistics
35:24 Conscription
34:38 Elite Genoese Crossbowman
35:45 Bodkin Arrow
36:05 Leather Archer Armor
37:07 Chemistry
37:28 Bracer
37:58 Ring Archer Armor
38:38 Thumb Ring
43:47 Two-Man Saw
46:01 Coinage
46:11 Caravan
47:48 Elite Skirmisher
50:40 Guilds
51:01 Banking
67:28 Pirotechnia
CFn-Ez
13:25 Loom
15:40 Feudal Age
16:27 Double-Bit Axe
25:54 Castle Age
24:29 Stone Mining
25:14 Fishing Lines
26:51 Gillnets
27:16 Bow Saw
31:32 Wheelbarrow
43:52 Horse Collar
45:05 Heavy Plow
46:09 Caravan
48:33 Hand Cart
48:26 Gold Mining
52:06 Imperial Age
51:54 Gold Shaft Mining
52:14 Bloodlines
52:05 Husbandry
52:12 Scale Barding Armor
53:01 Forging
54:09 Bombard Tower
54:09 Ballistics
54:59 Chain Barding Armor
54:41 Padded Archer Armor
54:34 Fletching
55:18 Artillery
55:51 Bodkin Arrow
56:13 Leather Archer Armor
56:52 Conscription
62:27 Bracer
63:04 Plate Barding Armor
63:07 Iron Casting
71:36 Coinage
75:20 Ring Archer Armor
75:51 Blast Furnace
74:52 Murder Holes
80:01 Banking
KITCHIUYEAH
11:40 Feudal Age
15:09 Castle Age
13:17 Double-Bit Axe
16:20 Bow Saw
17:32 Fishing Lines
17:56 Horse Collar
18:17 Gillnets
21:04 Wheelbarrow
21:22 Gold Mining
22:43 Gold Shaft Mining
23:42 Stone Mining
25:26 Hand Cart
25:03 Treadmill Crane
28:06 Imperial Age
25:56 Scale Mail Armor
25:46 Loom
26:58 Chain Mail Armor
26:20 Pikeman
27:53 Forging
28:09 Capped Ram
28:11 Halberdier
29:00 Arson
29:38 Siege Ram
31:11 Plate Mail Armor
33:25 Iron Casting
32:42 Fletching
32:31 Onager
33:54 Siege Engineers
35:17 Blast Furnace
34:14 Bodkin Arrow
35:40 Stronghold
36:10 Conscription
36:17 Town Watch
37:42 Furor Celtica
39:56 Caravan
40:26 Coinage
39:56 Caravan
40:26 Coinage
39:47 Siege Onager
40:55 Masonry
43:07 Banking
42:47 Guilds
43:50 Hoardings
44:39 Ballistics
45:20 Chemistry
47:00 Heavy Plow
55:02 Fortified Wall
66:39 Elite Woad Raider
82:37 Heavy Scorpion
Connection lost

Rejoining the realm…

Still unreachable

The connection could not be restored.

Session expired

The server has moved on; the page needs a fresh start.